 Dungeon Crawl Stone Soup version 0.31-a0-1178-gc5c9b8f871 (webtiles) character file.

Game seed: 16284607104838938663

71 qw the Shooter (level 4, -1/28 HPs)
             Began as a Gargoyle Hunter on Dec 11, 2023.
             Slain by a cerulean imp
             ... wielding a +1 spear
             ... summoned by Natasha
              (5 damage)
             ... on level 2 of the Dungeon.
             The game lasted 00:00:24 (1027 turns).

qw the Shooter (Gargoyle Hunter)                    Turns: 1027, Time: 00:00:25

Health: -1/28      AC:  9    Str: 14    XL:     4   Next: 24%
Magic:  4/4        EV: 11    Int: 10    God:
Gold:   57         SH:  0    Dex: 15    Spells: 3/3 levels left

rFire   . . .        a - +0 shortbow
rCold   . . .        (shield currently unavailable)
rNeg    + . .        c - +0 leather armour
rPois   inf          (no helmet)
rElec   +            (no cloak)
rCorr   .            g - +2 pair of gloves
SInv    .            (no boots)
Will    .....        (no amulet)
Stlth   ++           (no ring)
HPRegen 0.24/turn    (no ring)
MPRegen 0.09/turn

%: no passive effects
@: on berserk cooldown, slowed, very slow
A: sickness immunity, AC +3, negative energy resistance 1, electricity
resistance, torment resistance 1, petrification resistance
a: no special abilities


You were on level 2 of the Dungeon.
You visited 1 branch of the dungeon, and saw 2 of its levels.

You collected 57 gold pieces.


Innate Abilities, Weirdness & Mutations

You are immune to sickness and miasma.
Your stone body is resilient. (AC +3)
You are immune to poison.
You resist negative energy. (rN+)
You are resistant to electric shocks. (rElec)
You are resistant to unholy torment.
You are immune to petrification.


   Skills:
 - Level 3.5 Fighting
 + Level 5.0 Ranged Weapons
 - Level 1.5 Dodging
 - Level 1.1 Stealth


You had 3 spell levels left.
You didn't know any spells.
Your spell library was empty.

Inventory:

Hand Weapons
 a - a +0 shortbow (weapon)
Armour
 c - a +0 leather armour (worn)
 d - a +0 pair of boots
 g - a +2 pair of gloves (worn)
 l - a +0 ring mail
Jewellery
 j - a ring of resist corrosion
Scrolls
 i - a scroll of fear {unknown}
 m - a scroll of teleportation {unknown}
Potions
 e - a potion of cancellation
 f - a potion of resistance {unknown}
 h - a potion of curing {unknown}
 k - a potion of magic {unknown}
 n - a potion of lignification {unknown}

Dungeon Overview and Level Annotations

Branches:
Dungeon (2/15)

Altars:

Annotations:
D:2 Natasha


Message History

You shoot an arrow. The arrow hits Natasha.
Natasha is moderately wounded.
Natasha misses you.
You shoot an arrow. The arrow hits Natasha!
Natasha is severely wounded.
Natasha claws you.
You shoot an arrow. The arrow barely misses Natasha.
Natasha claws you but does no damage. Natasha claws you.
You shoot an arrow.
The arrow hits Natasha but does no damage.
Natasha is severely wounded.
Natasha claws you!
You shoot an arrow. The arrow hits Natasha!
You kill Natasha!
Natasha yowls pathetically as she dies!
Your Fighting skill increases to level 3!
You have reached level 4!
You feel clever.
You start resting.
Natasha, Servant of Life and Death comes into view.
You shoot an arrow.
Natasha hisses angrily.
The arrow hits Natasha but does no damage.
Natasha casts a spell.
Natasha howls an incantation.
You feel troubled.
Natasha stares at you and mumbles some strange words.
The magic dart hits you!
1023 ||| DRINKING smoky sapphire potion.
It was a potion of berserk rage.
A red film seems to cover your vision as you go berserk!
You feel yourself moving faster!
You feel mighty!
You feel a strong urge to attack something.
You feel your anger nearly subside.
Natasha stares at you and mumbles some strange words.
The magic dart hits you.
You are no longer berserk.
You are exhausted.
You feel yourself slow down.
The cerulean imp hits you from afar with a +1 spear.
You die...

##### ### .... .>.
###... #.# ..... #.#
#... #.# #.##... #.#
.......##5##########
#......@h..........<
#....#.####.########
#.. ... #..# #
##########.########
...................
##########..########
................
#######..######.#
#...........#.#


You could see Natasha and a cerulean imp (summoned).

Vanquished Creatures
  Natasha (D:2)
  An adder (D:2)
  2 ball pythons (D:1)
  3 endoplasms (D:1)
  3 giant cockroaches
  A goblin (D:2)
  4 hobgoblins (D:1)
  2 jackals
  A kobold (D:1)
  4 quokkas (D:1)
  4 bats
  2 frilled lizards (D:1)
  5 rats
33 creatures vanquished.

Notes
Turn   | Place    | Note
-------+----------+-------------------------------------------
     0 | D:1      | qw the Gargoyle Hunter began the quest for the Orb.
     0 | D:1      | Reached XP level 1. HP: 12/12 MP: 1/1
     0 | D:1      | 0 ||| qw: Version: 0.3-a-106-g2cfff9e
     0 | D:1      | 0 ||| qw: Game counter: 1978
     0 | D:1      | 0 ||| qw: Melee chars always use a shield: true
     0 | D:1      | 0 ||| qw: God list: Okawaru
     0 | D:1      | 0 ||| qw: Allow faded altars: false
     0 | D:1      | 0 ||| qw: Do Orc after clearing Dungeon:15 true
     0 | D:1      | 0 ||| qw: Do second Lair branch before Depths: true
     0 | D:1      | 0 ||| qw: Lair rune preference: random
     0 | D:1      | 0 ||| qw: Goals: Normal, Save, Zot:1-4, Win
     0 | D:1      | 0 ||| PLANNING D:1-11
   102 | D:1      | Reached XP level 2. HP: 17/17 MP: 2/2
   415 | D:1      | Reached XP level 3. HP: 14/21 MP: 3/3
   660 | D:1      | Reached skill level 5 in Ranged Weapons
   663 | D:1      | Found a faded altar of an unknown god.
   808 | D:1      | 808 ||| UPGRADING to +2 pair of gloves.
   813 | D:1      | 813 ||| READING scroll labelled KICAMI ZAIL.
   814 | D:1      | 814 ||| READING 2 scrolls labelled BIBBYXKONUP.
   815 | D:1      | 815 ||| READING scroll labelled IMMA OSUMIFIYD.
   815 | D:1      | 815 ||| IDENTIFYING pink potion
   816 | D:1      | 816 ||| DROPPING scroll of butterflies.
   817 | D:1      | 817 ||| DROPPING scroll of noise.
   858 | D:2      | 858 ||| STAIRDANCE
   864 | D:2      | 864 ||| STAIRDANCE
  1003 | D:2      | Noticed Natasha
  1013 | D:2      | Killed Natasha
  1014 | D:2      | Reached skill level 3 in Fighting
  1014 | D:2      | Reached XP level 4. HP: 10/28 MP: 4/4
  1021 | D:2      | Noticed Natasha
  1022 | D:2      | HP: 5/28 [Natasha/magic dart (7)]
  1023 | D:2      | 1023 ||| DRINKING smoky sapphire potion.
  1027 | D:2      | Slain by a cerulean imp

Levels and vault maps discovered:
D:1:      amcnicky_arrival_choice, layout_basic,
          shapermc_ecumenical_altar_pompeii, columned_hall_lemuel,
          dk_noncrumbling_2
D:2:      layout_basic, minmay_strange_pillars, uniq_natasha

Skill      XL: |  1  2  3 |
---------------+----------+-----
Ranged Weapons | 5 |  5.0
Fighting       | 3 |  3.5
Dodging        | |  1.5
Stealth        | |  1.1

Action                     |  1- 3 |  4- 6 || total
---------------------------+-------+-------++-------
   Fire: Shortbow          |    84 |     1 ||    85
    Use: Scroll            |     3 |       ||     3
         Potion            |       |     1 ||     1
 Armour: Leather armour    |    18 |     3 ||    21
  Dodge: Dodged            |    23 |       ||    23

Table legend:
 A = Non-vault XP
 B = Vault XP
 C = Vault XP percentage of total XP
 D = Non-vault monster count
 E = Vault monster count
 F = Vault count percentage of total count
                 A         B        C        D         E       F
            +---------+---------+-------+---------+---------+-------
      Total |      66 |      36 |  35.3 |      32 |       1 |   3.0
            +---------+---------+-------+---------+---------+-------
        D:1 |      44 |       0 |   0.0 |      26 |       0 |   0.0
        D:2 |      22 |      36 |  62.1 |       6 |       1 |  14.3
            +---------+---------+-------+---------+---------+-------
